 Dungeon Crawl Stone Soup version 0.28-a0-1235-g7c8fac35f0 (webtiles) character file.

Game seed: 4797105388684517170

158 r3xj the Covered (level 5, -2/47 HPs)
             Began as a Minotaur Fighter on Dec 25, 2021.
             Slain by a water moccasin skeleton (6 damage)
             ... on level 3 of the Dungeon.
             The game lasted 00:03:04 (2553 turns).

r3xj the Covered (Minotaur Fighter)                 Turns: 2553, Time: 00:03:05

Health: -2/47      AC:  7    Str: 23    XL:     5   Next: 16%
Magic:  4/4        EV:  9    Int:  5    God:
Gold:   136        SH:  4    Dex:  9    Spells: 4/4 levels left

rFire   . . .      SeeInvis .   a - +0 flail
rCold   . . .      Faith    .   c - +0 buckler
rNeg    . . .      Spirit   .   b - +0 scale mail
rPois   .          Reflect  .   (helmet restricted)
rElec   .          Harm     .   (no cloak)
rCorr   .          Rampage  .   (no gloves)
Will    .....                   (no boots)
Stlth   ..........              (no amulet)
HPRegen 0.15/turn               (no ring)
MPRegen 0.09/turn               (no ring)

@: no status effects
A: horns 2, retaliatory headbutt
a: no special abilities


You were on level 3 of the Dungeon.
You visited 1 branch of the dungeon, and saw 3 of its levels.

You collected 136 gold pieces.

Inventory:

Hand Weapons
 a - a +0 flail (weapon)
Armour
 b - a +0 scale mail (worn)
 c - a +0 buckler (worn)
Jewellery
 h - a ring of willpower
Scrolls
 i - a scroll of enchant weapon {unknown}
 j - a scroll of amnesia {unknown}
 k - 4 scrolls of fear {unknown}
 l - 3 scrolls of identify {unknown}
 m - a scroll of summoning {unknown}
Potions
 d - 3 potions of might
 e - a potion of lignification {unknown}
 f - a potion of resistance {unknown}
 g - a potion of flight {unknown}
 n - a potion of ambrosia {unknown}


   Skills:
 + Level 4.9 Fighting
 + Level 4.1 Maces & Flails
 + Level 5.0 Armour
 - Level 4.0 Shields


You had 4 spell levels left.
You didn't know any spells.
Your spell library was empty.

Dungeon Overview and Level Annotations

Branches:
Dungeon (3/15)

Altars:
Ru
Wu Jian


Innate Abilities, Weirdness & Mutations

You have a pair of horns on your head.
You reflexively headbutt those who attack you in melee.


Message History

* * * LOW HITPOINT WARNING * * *
You hit the orc but do no damage. Your headbutt misses the orc.
The orc hits you but does no damage.
You barely miss the orc. You headbutt the orc!
You kill the orc!
You hit the water moccasin skeleton.
The water moccasin skeleton is lightly damaged.
The water moccasin skeleton bites you.
* * * LOW HITPOINT WARNING * * *
The water moccasin skeleton bites you.
* * * LOW HITPOINT WARNING * * *
You closely miss the water moccasin skeleton.
You headbutt the water moccasin skeleton, but do no damage.
The water moccasin skeleton is lightly damaged.
The water moccasin skeleton bites you.
* * * LOW HITPOINT WARNING * * *
You closely miss the water moccasin skeleton.
The water moccasin skeleton is lightly damaged.
You block the water moccasin skeleton's attack.
The water moccasin skeleton bites you but does no damage.
You see here 25 stones.
You block the water moccasin skeleton's attack.
Press: ? - help, v - describe, . - travel The floor.
You sock the water moccasin skeleton!
The water moccasin skeleton is moderately damaged.
The water moccasin skeleton bites you but does no damage.
You barely miss the water moccasin skeleton.
You headbutt the water moccasin skeleton.
The water moccasin skeleton is heavily damaged.
You block the water moccasin skeleton's attack.
The water moccasin skeleton bites you but does no damage.
You hit the water moccasin skeleton.
You headbutt the water moccasin skeleton.
The water moccasin skeleton is heavily damaged.
The water moccasin skeleton bites you but does no damage.
You sock the water moccasin skeleton!
The water moccasin skeleton is almost destroyed.
The water moccasin skeleton bites you.
You die...

......# #)>)+
......# #)# ......#
###.## ......#####
#....+
...............#.##
###......####..#(#
##......# #. #.#
#.......# #. #Z#
#.......# # #@#
#[......# #.#
#.......#######.#
#.......'.......#
##.......#########
.........#
##########


You could see a water moccasin skeleton.

Vanquished Creatures
  An orc priest (D:3)
  3 gnolls (D:3)
  2 adders (D:3)
  3 worms
  3 dart slugs
  10 orcs (D:3)
  An endoplasm (D:1)
  A giant cockroach (D:3)
  5 goblins
  7 hobgoblins
  2 jackals (D:3)
  3 kobolds
  2 quokkas
  4 ball pythons
  4 bats
  4 frilled lizards
  6 rats
61 creatures vanquished.

Notes
Turn   | Place    | Note
-------+----------+-------------------------------------------
     0 | D:1      | r3xj the Minotaur Fighter began the quest for the Orb.
     0 | D:1      | Reached XP level 1. HP: 19/19 MP: 0/0
   369 | D:1      | Reached XP level 2. HP: 27/27 MP: 1/1
   630 | D:1      | Reached skill level 4 in Armour
   912 | D:2      | Found a faded altar of an unknown god.
  1125 | D:2      | Reached XP level 3. HP: 27/33 MP: 2/2
  1911 | D:3      | Reached XP level 4. HP: 25/41 MP: 3/3
  2055 | D:3      | Found a sacrificial altar of Ru.
  2068 | D:3      | Found an ornate altar of the Wu Jian Council.
  2534 | D:3      | Reached XP level 5. HP: 12/47 MP: 4/4
  2536 | D:3      | Reached skill level 5 in Armour
  2553 | D:3      | Slain by a water moccasin skeleton

Illustrated notes

Levels and vault maps discovered:
D:1:      wheals_arrival_shading, layout_basic
D:2:      layout_basic, hellmonk_ecumenical_altar_inner_sanctum,
          kennysheep_minor_cross
D:3:      layout_basic, grunt_temple_overflow_diamond, jmf_multi_god_temple,
          kennysheep_generic_room_13

Skill      XL: |  1  2  3  4  5 |
---------------+----------------+-----
Armour         | 4 5 |  5.0
Fighting       | 4 |  4.9
Shields        | 4 |  4.0
Maces & Flails | 3 4 |  4.1

Action                   |  1- 3 |  4- 6 || total
-------------------------+-------+-------++-------
Melee: Flail             |    60 |    68 ||   128
       Headbutt          |    14 |    14 ||    28
Armor: Scale mail        |    21 |    28 ||    49
Dodge: Dodged            |    21 |    23 ||    44
Block: Buckler           |    10 |    18 ||    28

Table legend: (Time is in decaauts)
 A = Elapsed time spent in this place.
 B = Non-inter-level travel time spent in this place.
 C = Inter-level travel time spent in this place.
 D = Time resting spent in this place.
 E = Time spent auto-exploring this place.
 F = Levels seen in this place.
 G = Mean time per level.
                   A        B        C        D        E       F      G
               +--------+--------+--------+--------+--------+-----+--------+
         Total |   2583 |   2556 |     27 |    344 |   1825 |   3 |  861.0 |
       Dungeon |   2583 |   2556 |     27 |    344 |   1825 |   3 |  861.0 |
               +--------+--------+--------+--------+--------+-----+--------+

Top non-repeatable levels by time:
     D:2: 1051 daAuts
     D:1: 801 daAuts
     D:3: 730 daAuts
